[Event "Team 45 45 League T36"]
[Site "Internet Chess Club"]
[Date "2008.02.23"]
[Round "5"]
[White "killer21"]
[Black "Despair"]
[Result "1-0"]
[WhiteElo "2255"]
[BlackElo "1932"]
[Opening "Alekhine's defense: exchange variation"]
[ECO "B03"]
[Time "01:32:18"]
[TimeControl "2700+45"]

1. e4 Nf6 2. e5 Nd5 3. d4 d6 4. c4 Nb6 5. exd6 exd6 6. Nf3 Bg4 7. h3 Bh5 8. Be3
Be7 9. Nc3 O-O 10. Bd3 Nc6 11. a3 d5 12. c5 Nc4 13. Qc2 Nxe3 14. fxe3 Re8 15.
O-O Bg6 16. Bxg6 hxg6 17. Rae1 Bg5 18. Qf2 Bf6 19. b4 Qe7 20. Nxd5 Qd7 21. Nxf6+
gxf6 22. Qh4 Qe7 23. e4 Rad8 24. d5 Ne5 25. Nxe5 fxe5 26. Qxe7 Rxe7 27. Rf6 Kg7
28. Ref1 Rf8 29. g4 Rh8 30. Kg2 g5 31. d6 cxd6 32. Rxd6 Rf8 33. Rff6 Rd8 34.
Rxf7+ Rxf7 35. Rxd8 Rf4 36. Rd7+ Rf7 37. Rxf7+ Kxf7 38. b5 Ke7 39. h4 Kf6 40. h5
{Black resigns} 1-0

[Event "Team 45 45 League T36"]
[Site "Internet Chess Club"]
[Date "2008.02.24"]
[Round "5"]
[White "valipop"]
[Black "cosmos"]
[Result "1-0"]
[WhiteElo "2128"]
[BlackElo "1393"]
[Opening "Scandinavian (center counter) defense"]
[ECO "B01"]
[Time "10:05:26"]
[TimeControl "2700+45"]

1. e4 d5 2. exd5 Qxd5 3. Nc3 Qa5 4. Bc4 Nf6 5. Nge2 Bf5 6. O-O e6 7. d3 c6 8.
Bf4 Nbd7 9. a3 Qd8 10. b4 Nb6 11. Bb3 Nbd5 12. Bg5 Be7 13. Qd2 h6 14. Bh4 Qc7
15. Bg3 Bd6 16. b5 Nxc3 17. Nxc3 Bxg3 18. hxg3 c5 19. Qf4 Qxf4 20. gxf4 b6 21.
a4 O-O 22. a5 Rfb8 23. Ra2 Nd7 24. Rfa1 Rb7 25. f3 h5 26. Kf2 Kf8 27. Rh1 Nf6
28. Bc4 Ke7 29. axb6 Rxb6 30. Na4 Rbb8 31. Nxc5 Kd6 32. Ne4+ Nxe4+ 33. fxe4 Bg6
34. Ra6+ Kd7 35. Rha1 Rb7 36. b6 Bh7 37. Bb5+ Kd6 38. bxa7+ Kc7 39. Bc6 Bg8 40.
Ke3 f6 41. d4 g5 42. fxg5 fxg5 43. Bxb7 Kxb7 44. R6a5 g4 45. Rb5+ Kc6 46. Rxh5
Kb7 47. Rg5 Bf7 48. Rg7 {Black resigns} 1-0

[Event "Team 45 45 League T36"]
[Site "Internet Chess Club"]
[Date "2008.02.21"]
[Round "5"]
[White "eurander"]
[Black "VammSK"]
[Result "1-0"]
[WhiteElo "2155"]
[BlackElo "2212"]
[Opening "QGD semi-Slav: anti-Meran gambit"]
[ECO "D44"]
[Time "12:06:06"]
[TimeControl "2700+45"]

1. d4 d5 2. c4 c6 3. Nc3 Nf6 4. Nf3 e6 5. Bg5 dxc4 6. e4 b5 7. e5 h6 8. Bh4 g5
9. Nxg5 hxg5 10. Bxg5 Nbd7 11. exf6 Bb7 12. g3 c5 13. d5 Qb6 14. Bg2 O-O-O 15.
O-O b4 16. Na4 Qa6 17. a3 Bxd5 18. Bxd5 exd5 19. axb4 cxb4 20. Qxd5 Nb6 21. Qc6+
Kb8 22. Bf4+ {Black resigns} 1-0

[Event "Team 45 45 League T36"]
[Site "Internet Chess Club"]
[Date "2008.02.22"]
[Round "5"]
[White "gorgon"]
[Black "BigH"]
[Result "1-0"]
[WhiteElo "2099"]
[BlackElo "1751"]
[Opening "Queen's pawn game"]
[ECO "E10"]
[Time "08:17:05"]
[TimeControl "2700+45"]

1. d4 Nf6 2. Nf3 e6 3. c4 c5 4. g3 d5 5. cxd5 Nxd5 6. Bg2 Nc6 7. O-O Qb6 8. e4
Nf6 9. d5 exd5 10. exd5 Ne7 11. Nc3 Nf5 12. Re1+ Be7 13. g4 Nxg4 14. Qa4+ Bd7
15. Qxg4 O-O 16. Rxe7 Nxe7 17. Qxd7 Rfe8 18. Na4 Qg6 19. Ne5 Qc2 20. Bf4 Rad8
21. Qb5 Nxd5 22. Bxd5 Rxe5 23. Bxe5 Qf5 24. Re1 h6 25. Be4 Qg5+ 26. Bg3 f5 27.
Bxb7 Kh7 28. Nxc5 f4 29. Be4+ Kh8 30. Bd3 {Black resigns} 1-0

[Event "Team 45 45 League T36"]
[Site "Internet Chess Club"]
[Date "2008.02.23"]
[Round "5"]
[White "lmadueno"]
[Black "mongmong"]
[Result "0-1"]
[WhiteElo "1649"]
[BlackElo "1667"]
[Opening "French defense"]
[ECO "C00"]
[Time "20:00:32"]
[TimeControl "2700+45"]

1. e4 e6 2. c3 d5 3. d4 dxe4 4. Be3 Nf6 5. Nd2 b6 6. Bb5+ c6 7. Ba4 Ba6 8. b4
Nd5 9. Nxe4 Nxe3 10. fxe3 Qh4+ 11. Ng3 Bd6 12. Qf3 Bxg3+ 13. Qxg3 Qxg3+ 14. hxg3
Kd7 15. Nf3 f6 16. O-O-O Kc7 17. Kb2 Nd7 18. g4 Rad8 19. Bb3 e5 20. dxe5 Nxe5
21. Nxe5 fxe5 22. Rhf1 Bxf1 23. Rxf1 Rhf8 24. Rh1 h6 25. g5 hxg5 26. Rh7 Rd7 27.
Be6 Re7 28. Bb3 Rf2+ 29. Ka3 Rxg2 30. Rh3 g4 31. Rh5 Re2 32. Rg5 Rxe3 33. Rxg4
Rxc3 34. Re4 Rd3 35. Kb2 Rd4 36. Re3 e4 37. Bc2 c5 38. Kc3 Kc6 39. Ba4+ b5 40.
Bc2 Rxb4 41. Bb3 Rd4 42. a3 a5 43. Bc2 b4+ 44. axb4 axb4+ 45. Kb3 Kd5 46. Rg3 e3
47. Rg5+ Kd6 48. Rg6+ Kc7 49. Rg1 e2 50. Re1 Rd5 51. Kc4 Rde5 52. Bd3 Kb6 53.
Kb3 g5 {White resigns} 0-1

[Event "Team 45 45 League T36"]
[Site "Internet Chess Club"]
[Date "2008.02.23"]
[Round "5"]
[White "Erle"]
[Black "jjmolina"]
[Result "1-0"]
[WhiteElo "1762"]
[BlackElo "1527"]
[Opening "Caro-Kann: advance variation"]
[ECO "B12"]
[Time "08:55:26"]
[TimeControl "2700+45"]

1. e4 c6 2. d4 d5 3. e5 Bf5 4. c4 e6 5. Nf3 Bb4+ 6. Bd2 Qa5 7. a3 Bxd2+ 8. Nbxd2
dxc4 9. Bxc4 b5 10. Bb3 Ne7 11. Qe2 Nd5 12. O-O Nf4 13. Qe3 Nd5 14. Qg5 O-O 15.
h4 h6 16. Qg3 Nd7 17. Rac1 Rac8 18. Rfd1 c5 19. Bxd5 exd5 20. Nb3 Qb6 21. dxc5
Nxc5 22. Nbd4 Ne4 23. Qf4 Rxc1 24. Rxc1 Rc8 25. Rd1 Bg6 26. Qg4 b4 27. Qxc8+
{Black resigns} 1-0

[Event "Team 45 45 League T36"]
[Site "Internet Chess Club"]
[Date "2008.02.24"]
[Round "5"]
[White "Stoertebeker"]
[Black "ticopatzer"]
[Result "1-0"]
[WhiteElo "1516"]
[BlackElo "1399"]
[Opening "Ruy Lopez: exchange variation, Alapin gambit"]
[ECO "C68"]
[Time "11:01:37"]
[TimeControl "2700+45"]

1. e4 e5 2. Nf3 Nc6 3. Bb5 a6 4. Bxc6 dxc6 5. O-O Bg4 6. h3 h5 7. d3 Qf6 8. Be3
Bxf3 9. Qxf3 Qxf3 10. gxf3 Be7 11. f4 f6 12. fxe5 fxe5 13. Nd2 O-O-O 14. Nc4 Bf6
15. f4 exf4 16. Rxf4 g5 17. Rf5 g4 18. Raf1 Bh4 19. Ne5 Ne7 20. Rf7 gxh3 21. Kh2
Rhg8 22. Kxh3 Rg3+ 23. Kxh4 Rxe3 24. Rxe7 Rg8 25. Rff7 {Black resigns} 1-0

[Event "Team 45 45 League T36"]
[Site "Internet Chess Club"]
[Date "2008.02.23"]
[Round "5"]
[White "Glassywoman"]
[Black "PANAMA-REY"]
[Result "0-1"]
[WhiteElo "1372"]
[BlackElo "1525"]
[Opening "Bishop's opening: Berlin defense"]
[ECO "C24"]
[Time "21:41:26"]
[TimeControl "2700+45"]

1. e4 e5 2. Bc4 Nf6 3. d3 d5 4. exd5 Nxd5 5. Nc3 Nxc3 6. Bxf7+ Kxf7 7. Qh5+ g6
8. Qf3+ Kg7 9. bxc3 Bd6 10. Bb2 Qe7 11. Ne2 Rf8 12. Qe3 Bc5 13. d4 exd4 14.
Qxe7+ Bxe7 15. cxd4 Kg8 16. O-O Bg4 17. Nc3 Nc6 18. Nb5 Be2 19. Nxc7 Bxf1 20.
Nxa8 Rxa8 21. Rxf1 Bf6 22. c3 Re8 23. g3 Na5 24. Rb1 Nc4 25. Bc1 b6 26. Rb4 b5
27. Rxb5 Re1+ 28. Kg2 Rxc1 29. Rc5 Rxc3 {White resigns} 0-1

[Event "Team 45 45 League T36"]
[Site "Internet Chess Club"]
[Date "2008.02.24"]
[Round "5"]
[White "Budzo"]
[Black "lw"]
[Result "1-0"]
[WhiteElo "1777"]
[BlackElo "1585"]
[Opening "King's Indian: 5.Nf3"]
[ECO "E90"]
[Time "16:02:24"]
[TimeControl "2700+45"]

1. Nf3 g6 2. d4 d6 3. c4 Bg7 4. Nc3 Nf6 5. e4 Bg4 6. Be2 O-O 7. O-O Nc6 8. Be3
e5 9. d5 Ne7 10. Qb3 Qc8 11. c5 a6 12. cxd6 cxd6 13. h3 Bxh3 14. gxh3 Qxh3 15.
Qxb7 Ng4 16. Qxe7 Nxe3 17. fxe3 Qg3+ 18. Kh1 Qh3+ 19. Nh2 Bh6 20. Rf3 Qc8 21.
Raf1 f5 22. exf5 gxf5 23. Rg1+ Kh8 24. Rh3 Rg8 25. Rxg8+ Qxg8 26. Rxh6 Rf8 27.
Qxd6 Qg7 28. Nf3 Re8 29. Qf6 {Black resigns} 1-0

[Event "Team 45 45 League T36"]
[Site "Internet Chess Club"]
[Date "2008.02.24"]
[Round "5"]
[White "stakastra"]
[Black "Cryptochess"]
[Result "0-1"]
[WhiteElo "1511"]
[BlackElo "1781"]
[Opening "Sicilian: Alapin's variation (2.c3)"]
[ECO "B22"]
[Time "13:59:17"]
[TimeControl "2700+45"]

1. e4 c5 2. c3 e6 3. Nf3 d5 4. exd5 exd5 5. d4 Nc6 6. Bb5 Nf6 7. Ne5 Bd7 8. Nxd7
Qxd7 9. O-O Be7 10. Be3 c4 11. Nd2 O-O 12. Nf3 Bd6 13. Ne5 Qc7 14. f4 Ne4 15.
Qe2 f6 16. Nxc6 bxc6 17. Ba4 Rab8 18. Rab1 Rb6 19. Bc2 f5 20. Bxe4 fxe4 21. Qd2
Qd7 22. b3 cxb3 23. axb3 Rfb8 24. b4 a5 25. Rb2 axb4 26. c4 dxc4 27. Qc2 c3 28.
Rb3 Qe7 29. Ra1 c5 30. Qf2 c4 31. Rbb1 b3 32. d5 R6b7 33. Ra4 c2 {White resigns}
0-1

[Event "Team 45 45 League T36"]
[Site "Internet Chess Club"]
[Date "2008.02.24"]
[Round "5"]
[White "Matterhorn"]
[Black "chicopee-ed"]
[Result "1-0"]
[WhiteElo "1601"]
[BlackElo "1525"]
[Opening "Pirc: Ufimtsev-Pytel variation"]
[ECO "B07"]
[Time "09:59:07"]
[TimeControl "2700+45"]

1. e4 d6 2. d4 Nf6 3. Nc3 c6 4. Nf3 Bg4 5. Be3 Qa5 6. Qd2 e5 7. dxe5 dxe5 8.
O-O-O Nbd7 9. h3 Bxf3 10. gxf3 O-O-O 11. Bc4 Bb4 12. a3 Bxc3 13. Qxc3 Qxc3 14.
bxc3 Nb6 15. Bxb6 axb6 16. Bxf7 Kc7 17. Rhg1 Rxd1+ 18. Rxd1 Rd8 19. Rxd8 Kxd8
20. Kd2 Ke7 21. Bb3 Nd7 22. Ke3 Nc5 23. f4 Kf6 24. fxe5+ Kxe5 25. f4+ Kf6 26.
e5+ Kf5 27. Bg8 h6 28. Bh7+ Ke6 29. Kd4 Na4 30. f5+ Ke7 31. c4 Nb2 32. Bg8 Nd1
33. Be6 Nf2 34. h4 Ng4 35. Bc8 c5+ 36. Ke4 Nf2+ 37. Kf4 Nd1 38. Bxb7 Nb2 39. Bd5
Na4 40. Kg4 Nc3 41. Kh5 Ne2 42. Kg6 Nd4 43. f6+ gxf6 44. exf6+ Kf8 45. c3 Nc2
46. a4 Ne3 47. Kxh6 Nf5+ 48. Kg5 Nd6 49. h5 Nf7+ 50. Kg6 Ne5+ 51. Kf5 Nf7 52.
Bxf7 Kxf7 53. h6 Kg8 54. Ke6 {Black resigns} 1-0

[Event "Team 45 45 League T36"]
[Site "Internet Chess Club"]
[Date "2008.02.22"]
[Round "5"]
[White "chiiwen"]
[Black "Squeaker"]
[Result "1-0"]
[WhiteElo "2028"]
[BlackElo "1937"]
[Opening "KP: Nimzovich defense"]
[ECO "B00"]
[Time "21:08:52"]
[TimeControl "2700+45"]

1. e4 Nc6 2. d4 e5 3. dxe5 Nxe5 4. f4 Bc5 5. fxe5 Qh4+ 6. Kd2 Bxg1 7. Rxg1 Qf2+
8. Be2 Qd4+ 9. Bd3 Qf2+ 10. Kc3 Qc5+ 11. Kb3 Qb6+ 12. Kc3 Qc5+ 13. Bc4 b5 14.
Qd5 Qxc4+ 15. Qxc4 bxc4 16. Kxc4 Ne7 17. Bf4 O-O 18. Nd2 Nc6 19. Kc3 Re8 20. Nf3
h6 21. h3 Ba6 22. Rge1 Rac8 23. b3 d6 24. exd6 cxd6 25. Kb2 Nb4 26. Rac1 d5 27.
e5 Red8 28. Nd4 Nc6 29. c3 Bd3 30. Nxc6 Rxc6 31. Be3 Rg6 32. g4 h5 33. g5 Re8
34. Bf4 a5 35. Rcd1 Be4 36. Rd4 Kh7 37. h4 f6 38. exf6 gxf6 39. Rxd5 fxg5 40.
Bxg5 a4 41. Rd4 Rge6 42. Rxa4 Bc6 43. Rxe6 Rxe6 44. Rd4 Kg6 45. a4 Bg2 46. b4
Re5 47. Rd2 Ba8 48. b5 Rxg5 49. hxg5 Kxg5 50. b6 h4 51. a5 h3 52. Rh2 Kg4 53. a6
Kg3 54. Rxh3+ Kxh3 55. b7 Bxb7 56. axb7 Kg4 57. b8=Q Kf5 58. Qe8 Kf6 59. c4 Kf5
60. c5 Kf6 61. c6 Kf5 62. c7 Kf6 63. c8=Q Kg5 64. Qg8+ Kf4 65. Qcf8+ Ke3 66.
Qe6+ Kd4 67. Qfd6# {Black checkmated} 1-0

[Event "Team 45 45 League T36"]
[Site "Internet Chess Club"]
[Date "2008.02.24"]
[Round "5"]
[White "Fezzik"]
[Black "Alphalegacy"]
[Result "0-1"]
[WhiteElo "2038"]
[BlackElo "2159"]
[Opening "King's Indian, 3.Nf3"]
[ECO "E60"]
[Time "16:15:43"]
[TimeControl "2700+45"]

1. d4 Nf6 2. Nf3 g6 3. c4 c5 4. d5 d6 5. Nc3 Bg7 6. e4 O-O 7. Be2 Na6 8. O-O Nc7
9. a4 e6 10. h3 e5 11. Ne1 Nfe8 12. Be3 f5 13. f3 f4 14. Bf2 g5 15. b4 cxb4 16.
Nb5 a5 17. c5 Rf7 18. cxd6 Nxd6 19. Bb6 Ndxb5 20. axb5 Qd6 21. Bf2 b6 22. Rc1
Bd7 23. Rc6 Bxc6 24. bxc6 Rb8 25. Nd3 Ne8 26. Nb2 Qc7 27. Bb5 Nd6 28. Qe2 Bf8
29. Na4 Rg7 30. Rd1 h5 31. Kh1 Be7 32. Rc1 Bd8 33. Bd3 Qf7 34. Qd1 g4 35. fxg4
hxg4 36. hxg4 Qg6 37. Nxb6 Bxb6 38. Bxb6 Rxb6 39. c7 Qh7+ 40. Kg1 Rxc7 41. Ra1
Rb8 42. Rxa5 Rbc8 43. Qa4 Rc1+ 44. Bf1 Rxf1+ 45. Kxf1 Qh1+ 46. Kf2 Nxe4+ 47. Kf3
Nc3 48. Qa1 Qh4 {White resigns} 0-1

[Event "Team 45 45 League T36"]
[Site "Internet Chess Club"]
[Date "2008.02.21"]
[Round "5"]
[White "QueensCounselor"]
[Black "Knight77"]
[Result "0-1"]
[WhiteElo "1778"]
[BlackElo "1919"]
[Opening "Sicilian: dragon, Yugoslav attack, 10.O-O-O"]
[ECO "B78"]
[Time "14:03:37"]
[TimeControl "2700+45"]

1. e4 c5 2. Nf3 d6 3. d4 cxd4 4. Nxd4 Nf6 5. Nc3 g6 6. f3 Bg7 7. Be3 O-O 8. Qd2
Nc6 9. Bc4 Bd7 10. O-O-O Rc8 11. Bb3 Qa5 12. g4 Ne5 13. h4 Nc4 14. Bxc4 Rxc4 15.
h5 Rfc8 16. Nb3 Qa6 17. hxg6 hxg6 18. e5 Ne8 19. exd6 Rxc3 20. bxc3 Bxc3 21. Qh2
Qa3+ {White resigns} 0-1

[Event "Team 45 45 League T36"]
[Site "Internet Chess Club"]
[Date "2008.02.24"]
[Round "5"]
[White "Socraticchess"]
[Black "Rainbird"]
[Result "1-0"]
[WhiteElo "1806"]
[BlackElo "1745"]
[Opening "Caro-Kann: Panov-Botvinnik attack, 5...g6"]
[ECO "B14"]
[Time "19:01:45"]
[TimeControl "2700+45"]

1. e4 c6 2. d4 d5 3. exd5 cxd5 4. c4 Nf6 5. Nc3 g6 6. Bd3 Bg7 7. Nge2 O-O 8. O-O
Nc6 9. Bf4 Bg4 10. f3 Be6 11. c5 Nh5 12. Be3 Qd7 13. a3 Nf6 14. b4 Bf5 15. Rc1
Bxd3 16. Qxd3 e5 17. b5 e4 18. fxe4 dxe4 19. Nxe4 Nxe4 20. Qxe4 Rfe8 21. bxc6
Rxe4 22. cxd7 Rxe3 23. c6 bxc6 24. Rxc6 Rd8 25. Rc8 Bf6 26. Rxf6 {Black resigns}
1-0

[Event "Team 45 45 League T36"]
[Site "Internet Chess Club"]
[Date "2008.02.22"]
[Round "5"]
[White "kolibandi"]
[Black "jayes"]
[Result "0-1"]
[WhiteElo "2078"]
[BlackElo "2031"]
[Opening "Sicilian: dragon, Yugoslav attack, Rauser variation"]
[ECO "B76"]
[Time "13:04:49"]
[TimeControl "2700+45"]

1. e4 c5 2. Nf3 d6 3. d4 cxd4 4. Nxd4 Nf6 5. Nc3 g6 6. Be3 Bg7 7. f3 O-O 8. Qd2
Nc6 9. O-O-O d5 10. exd5 Nxd5 11. Nxc6 bxc6 12. Nxd5 cxd5 13. Qxd5 Qc7 14. Qc5
Qb8 15. b3 Bf5 16. Bd3 Rc8 17. Qa5 Bc3 18. Qb5 Qd6 19. Kb1 a6 20. Qa4 Bg7 21.
Bd4 Bd7 22. Qxd7 Qxd7 23. Bxg7 Kxg7 24. Bxa6 Qc7 25. Bxc8 Rxc8 26. c4 Qa5 27.
Rd5 Qa3 28. Rc1 e6 29. Rb5 Rd8 {White resigns} 0-1

[Event "Team 45 45 League T36"]
[Site "Internet Chess Club"]
[Date "2008.02.23"]
[Round "5"]
[White "Legal"]
[Black "bobhill"]
[Result "1-0"]
[WhiteElo "1985"]
[BlackElo "1955"]
[Opening "Queen's bishop game"]
[ECO "D02"]
[Time "23:05:11"]
[TimeControl "2700+45"]

1. d4 d5 2. Nf3 Nf6 3. Bf4 g6 4. e3 Bg7 5. Nbd2 O-O 6. Bd3 c5 7. c3 Qb6 8. Qb3
c4 9. Qxb6 axb6 10. Bc2 Nc6 11. h3 b5 12. O-O b4 13. Rfe1 b5 14. e4 e6 15. Bd6
bxc3 16. bxc3 Rd8 17. e5 Ne8 18. Bc5 Bd7 19. Reb1 Nb8 20. Rb2 Rc8 21. Kh2 f6 22.
exf6 Bxf6 23. a4 Na6 24. Ba3 bxa4 25. Ne5 Bxe5+ 26. dxe5 Nc5 27. Bxc5 Rxc5 28.
Nf3 Rc7 29. Ra3 Ng7 30. g4 Be8 31. Nd4 h5 32. f4 Kf8 33. Rb4 Rca7 34. Kg3 Bf7
35. Kh4 Ne8 36. Kg5 Kg7 37. Rbxa4 Rxa4 38. Rxa4 Nc7 39. Rxa8 Nxa8 40. f5 hxg4
41. f6+ Kh7 42. hxg4 Nb6 43. Kf4 Nd7 44. Nf3 Nc5 45. g5 Kg8 46. Ke3 Be8 47. Kd4
Nb3+ 48. Bxb3 cxb3 49. Kd3 Bb5+ 50. Kd2 Kf7 51. Kc1 Bd3 52. Kb2 Ke8 53. Nd4 Kd7
54. Kxb3 Bc4+ 55. Kb4 Bd3 56. Kc5 Bc4 57. Nc6 Bd3 58. Na5 Bf5 59. Kb6 Bd3 60.
Nb3 Bf5 61. Nc5+ Ke8 62. Kc7 Bg4 63. Kd6 Kf7 64. Kd7 Bf5 65. Nb7 Bg4 66. Kc6 Ke8
67. Kc5 Bf3 68. Kd4 Bg4 69. c4 dxc4 70. Kxc4 Kd7 71. Nc5+ Ke8 72. Kd4 Kf7 73.
Ne4 Bf3 74. Ke3 Bg2 75. Kd4 Bf3 76. Nd2 Bg4 77. Nb3 Bf3 78. Nc5 Bg4 79. Nd3 Bf3
80. Kc5 Be4 81. Nf4 Bf5 82. Kd6 Bg4 83. Nxg6 Bf5 84. Nf4 Bg4 85. g6+ Kg8 86.
Nxe6 Kh8 87. f7 Bxe6 88. f8=Q+ {Black resigns} 1-0

[Event "Team 45 45 League T36"]
[Site "Internet Chess Club"]
[Date "2008.02.24"]
[Round "5"]
[White "vkpanch"]
[Black "burnsja2003"]
[Result "0-1"]
[WhiteElo "1620"]
[BlackElo "1723"]
[Opening "Sicilian"]
[ECO "B54"]
[Time "18:01:35"]
[TimeControl "2700+45"]

1. e4 c5 2. Nf3 d6 3. d4 cxd4 4. Nxd4 Nc6 5. Nc3 e6 6. Be3 Nf6 7. f3 Be7 8. Bc4
O-O 9. Qd2 a6 10. O-O-O Qc7 11. Bb3 Nxd4 12. Bxd4 e5 13. Be3 b5 14. g4 Bb7 15.
h4 b4 16. Na4 a5 17. h5 Nd7 18. g5 Nc5 19. Nxc5 dxc5 20. Qe2 Ba6 21. Bc4 Bxc4
22. Qxc4 Rad8 23. Rxd8 Rxd8 24. g6 Bd6 25. Rd1 Rf8 26. Qd5 Be7 27. Qd7 Qd8 28.
gxf7+ Kxf7 29. Qf5+ Kg8 30. Qe6+ Kh8 31. Rd4 cxd4 32. Bd2 Bg5 33. Qxe5 Bxd2+ 34.
Kxd2 Rxf3 35. h6 Rf7 36. Kd3 Qf6 37. Qxa5 gxh6 38. Qxb4 h5 39. a4 h4 40. a5 h3
41. b3 Rf8 42. e5 Qf3+ 43. Kc4 Qc3+ 44. Qxc3 dxc3 45. e6 h2 46. e7 Re8 47. a6
Rxe7 48. a7 h1=Q 49. a8=Q+ Qxa8 50. Kxc3 Qc6+ 51. Kb2 Re2 52. Ka3 Qxc2 53. Ka4
Re4+ 54. Ka3 Re3 55. Ka4 Qxb3+ 56. Ka5 Qb2 57. Ka4 Ra3# {White checkmated} 0-1

[Event "Team 45 45 League T36"]
[Site "Internet Chess Club"]
[Date "2008.02.21"]
[Round "5"]
[White "Stav"]
[Black "avila"]
[Result "0-1"]
[WhiteElo "1762"]
[BlackElo "1648"]
[Opening "Queen's pawn game"]
[ECO "D00"]
[Time "17:33:31"]
[TimeControl "2700+45"]

1. d4 d5 2. e3 c5 3. c3 Nf6 4. f4 c4 5. Nf3 Nc6 6. Be2 Bf5 7. O-O Ne4 8. Bd2 h6
9. Be1 e6 10. Nbd2 Be7 11. Nxe4 Bxe4 12. Nd2 Bg6 13. Bg3 Bh4 14. Qe1 Bxg3 15.
Qxg3 O-O 16. Bf3 b5 17. e4 Bh7 18. Rae1 Qd6 19. exd5 exd5 20. Rf2 Bd3 21. Be2
Rfe8 22. Kf1 Bf5 23. Nf3 Qg6 24. Qxg6 Bxg6 25. Ne5 Nxe5 26. fxe5 a5 27. Bf3 Rad8
28. g3 b4 29. Kg2 Re7 30. Rfe2 Bf5 31. g4 Be6 32. h4 g6 33. Kg3 Rb7 34. Rc1 Rdb8
35. Rcc2 b3 36. axb3 Rxb3 37. Rf2 a4 38. Bd1 a3 39. bxa3 Rxa3 40. g5 h5 41. Rc1
Kf8 42. Kf4 Ke7 43. Ke3 Kd7 44. Kd2 Rb2+ 45. Ke3 Raa2 46. Rxb2 Rxb2 47. Rc2 Rxc2
48. Bxc2 Kc6 49. Ba4+ Kc7 50. Kd2 Bd7 51. Bxd7 Kxd7 52. Kc2 Ke6 53. Kd2 Kf5 54.
Ke3 Kg4 55. Kf2 Kxh4 56. Kf3 Kxg5 57. Kg3 h4+ 58. Kh3 Kh5 59. Kg2 g5 60. Kf3 g4+
61. Kf4 h3 62. Kg3 Kg5 63. Kh2 Kf4 64. Kg1 g3 65. Kh1 Kf3 66. Kg1 h2+ 67. Kh1
g2+ {White resigns} 0-1

[Event "Team 45 45 League T36"]
[Site "Internet Chess Club"]
[Date "2008.02.23"]
[Round "5"]
[White "natethegreat"]
[Black "reijo"]
[Result "0-1"]
[WhiteElo "1587"]
[BlackElo "1682"]
[Opening "Caro-Kann: classical, Spassky variation"]
[ECO "B19"]
[Time "12:56:57"]
[TimeControl "2700+45"]

1. e4 c6 2. d4 d5 3. Nc3 dxe4 4. Nxe4 Bf5 5. Ng3 Bg6 6. h4 h6 7. Nf3 Nd7 8. h5
Bh7 9. Bc4 e6 10. Bf4 Ngf6 11. Qe2 Nd5 12. Bd2 Bxc2 13. Bxh6 Rxh6 14. Qxc2 Qa5+
15. Nd2 O-O-O 16. O-O N7f6 17. Nb3 Qc7 18. a4 Bd6 19. Ne4 Bh2+ 20. Kh1 Rxh5 21.
Rfe1 Rdh8 22. g3 Bxg3+ 23. Kg1 Rh1+ 24. Kg2 R8h2+ 25. Kf3 Qf4+ 26. Ke2 Qe3+ 27.
Kd1 Qxe1# {White checkmated} 0-1

[Event "Team 45 45 League T36"]
[Site "Internet Chess Club"]
[Date "2008.02.24"]
[Round "5"]
[White "houseofcook"]
[Black "Caminator"]
[Result "1-0"]
[WhiteElo "1413"]
[BlackElo "1274"]
[Opening "Bishop's opening: Berlin defense"]
[ECO "C24"]
[Time "12:01:49"]
[TimeControl "2700+45"]

1. e4 e5 2. Bc4 Nf6 3. d3 d6 4. Nf3 Be7 5. O-O O-O 6. c3 Nc6 7. Bg5 h6 8. Bh4
Bg4 9. Nbd2 Qd7 10. Bxf6 Bxf6 11. Qc2 Ne7 12. d4 Ng6 13. dxe5 Nxe5 14. Nxe5 Bxe5
15. f4 Bf6 16. Nf3 Bxf3 17. Rxf3 Qc6 18. Bd5 Qc5+ 19. Kh1 c6 20. Bb3 Rfe8 21.
Re1 Re7 22. Rfe3 Rae8 23. Qd1 d5 24. e5 Bxe5 25. fxe5 f6 26. e6 Qd6 27. Qg4 a6
28. Rg3 Qc5 29. Bc2 Qf2 30. Rc1 Qd2 31. Qd1 Qf4 32. Rf3 Qd6 33. Qd3 Rxe6 34.
Qh7+ Kf7 35. Bg6+ Ke7 36. Bxe8 Kxe8 37. Qxg7 Qe5 38. Rff1 Qe2 39. Qg6+ Kd7 40.
Qc2 Qg4 41. h3 Qc4 42. Qh7+ Kd6 43. b3 Qh4 44. Qxb7 Qg5 45. Qb8+ Kd7 46. Qb7+
Kd6 47. Qxa6 h5 48. Qa3+ Kd7 49. Qb2 Qg6 50. Rfe1 Rd6 51. Qc2 Qg7 52. Qf5+ Kc7
53. Qxh5 Rd8 54. Qe2 Rd7 55. a4 Qg6 56. a5 Rg7 57. a6 Kd6 58. Ra1 Qh7 59. a7
Rxa7 60. Rxa7 Qxa7 61. Qe6+ Kc7 62. Qe7+ Kb8 63. Qxa7+ Kxa7 64. Rf1 {Black
resigns} 1-0

[Event "Team 45 45 League T36"]
[Site "Internet Chess Club"]
[Date "2008.02.24"]
[Round "5"]
[White "touchthis"]
[Black "cayo89"]
[Result "1-0"]
[WhiteElo "1803"]
[BlackElo "1789"]
[Opening "Bird's opening"]
[ECO "A03"]
[Time "13:57:31"]
[TimeControl "2700+45"]

1. f4 d5 2. Nf3 Nf6 3. e3 e6 4. b3 g6 5. Bb2 Bg7 6. Be2 c5 7. Bb5+ Bd7 8. a4 Nc6
9. Bxc6 bxc6 10. O-O O-O 11. d3 Rb8 12. Nbd2 Re8 13. Ne5 a5 14. Qe1 Qc7 15. Qh4
Qd8 16. Ndf3 Nh5 17. Qe1 Nf6 18. Rb1 Qb6 19. g4 Red8 20. Bc3 Ra8 21. Bd2 Be8 22.
Kh1 Nd7 23. Qg3 f6 24. Nxd7 Rxd7 25. g5 f5 26. Qh4 Rb7 27. Qe1 d4 28. e4 Bf7 29.
e5 Rd7 30. Rg1 Kf8 31. Qh4 Bg8 32. Qg3 Qd8 33. h4 Qe8 34. Qe1 Qd8 35. Bc1 Qb6
36. Ba3 Ke8 37. Nd2 Bf8 38. Nc4 Qc7 39. Bc1 Qd8 40. Bd2 Rda7 41. Qe2 Bf7 42. Qf3
Qc7 43. Bc1 Ra6 44. Ba3 Rd8 45. Nd2 Qd7 46. Qe2 Qd5+ 47. Kh2 Rda8 48. Nf1 Qd7
49. Rg3 Kd8 50. Rh3 Qe8 51. Ng3 Qd7 52. Rh1 R6a7 53. Kg1 Kc7 54. h5 Kb6 55. hxg6
Bxg6 56. Nh5 Be7 57. Nf6 Bxf6 58. exf6 Qd5 59. R1h2 Rd8 60. Qe1 Qd6 61. Rh4 Qd5
62. R4h3 Qd6 63. Bc1 Qd5 64. Re2 Re8 65. Re5 Qd7 66. Ba3 Kb7 67. Bxc5 Ra6 68. b4
axb4 69. Qxb4+ Kc8 70. Bxd4 Ra8 71. a5 Qb7 72. Bb6 Qd7 73. d4 Qb7 74. Rc3 Qd7
75. Rec5 {Black resigns} 1-0

[Event "Team 45 45 League T36"]
[Site "Internet Chess Club"]
[Date "2008.02.22"]
[Round "5"]
[White "HKNIGHT"]
[Black "sean98"]
[Result "0-1"]
[WhiteElo "1686"]
[BlackElo "1605"]
[Opening "Queen's pawn game"]
[ECO "D00"]
[Time "15:00:49"]
[TimeControl "2700+45"]

1. d4 d5 2. e3 c6 3. f4 Nh6 4. Nf3 Bg4 5. Be2 Bxf3 6. Bxf3 f5 7. O-O Nd7 8. Qe1
Nf6 9. Nc3 e6 10. a3 Qa5 11. Bd2 Qc7 12. Qe2 Nf7 13. Be1 h5 14. Bh4 O-O-O 15. b4
Be7 16. h3 Rdg8 17. Bxf6 Bxf6 18. Rac1 g5 19. Bxh5 gxf4 20. Kh1 Rg3 21. exf4 Qe7
22. Rf3 Rhg8 23. Rxg3 Rxg3 24. Qe1 Bh4 25. Qd2 Nd6 26. Be2 Qg7 27. Rg1 Bf6 28.
Bf3 Bxd4 29. Re1 Bxc3 30. Qe2 Bxe1 31. Qxe6+ Qd7 32. Qxe1 Rxf3 33. gxf3 Nc4 34.
a4 Kd8 35. Qh4+ Qe7 36. Qh8+ Kd7 37. Qc3 Ne3 38. Qb2 Nd1 39. Qe5 Qxe5 40. fxe5
f4 41. h4 Ne3 42. h5 Nf5 43. Kh2 Ke6 44. Kh3 Kxe5 45. Kg4 b6 46. Kg5 c5 47. bxc5
bxc5 48. h6 Nxh6 49. Kxh6 d4 50. Kg5 c4 51. Kg4 d3 52. cxd3 cxd3 53. Kh3 d2
{White resigns} 0-1

[Event "Team 45 45 League T36"]
[Site "Internet Chess Club"]
[Date "2008.02.21"]
[Round "5"]
[White "oldsj"]
[Black "scottrugby"]
[Result "1-0"]
[WhiteElo "1534"]
[BlackElo "1491"]
[Opening "Sicilian: accelerated fianchetto, modern variation"]
[ECO "B34"]
[Time "18:02:59"]
[TimeControl "2700+45"]

1. e4 c5 2. Nf3 g6 3. d4 cxd4 4. Nxd4 Nc6 5. Nc3 Bg7 6. Be3 Nf6 7. f3 O-O 8. Qd2
Qb6 9. O-O-O Qa5 10. Kb1 Ne5 11. Nd5 Qd8 12. Nxf6+ exf6 13. Nb5 a6 14. Nd6 Qc7
15. h4 h5 16. Bh6 b5 17. Be2 Nc4 18. Bxc4 bxc4 19. Bxg7 Kxg7 20. Nxc8 Qxc8 21.
Qxd7 Rb8 22. Qxc8 Rfxc8 23. c3 a5 24. Rd7 Rd8 25. Rhd1 Re8 26. Rc7 Red8 27. Rxd8
Rxd8 28. Kc2 g5 29. hxg5 fxg5 30. Rxc4 g4 {Black resigns} 1-0